 Dungeon Crawl Stone Soup version 0.31-a0-1388-g4b2ba238e7 (webtiles) character file.

Game seed: 3470686279421602794

71 MisterAzrael the Changeling (level 4, -1/28 HPs)
             Began as an Octopode Shapeshifter on Dec 24, 2023.
             Incinerated by a bombardier beetle (5 damage)
             ... with a burning spray
             ... on level 3 of the Dungeon.
             The game lasted 00:01:30 (1065 turns).

MisterAzrael the Changeling (Octopode Shapeshifter) Turns: 1065, Time: 00:01:30

Health: -1/28      AC:  1    Str: 15    XL:     4   Next: 24%
Magic:  4/4        EV: 28    Int: 12    God:
Gold:   34         SH:  0    Dex: 11    Spells: 3/3 levels left

rFire   . .          .
                       - Unarmed
rCold   . . .        (no shield)
rNeg    . . .        (helmet currently unavailable)
rPois   .            h - amulet of the acrobat
rElec   .            (no ring)
rCorr   .            (no ring)
SInv    .            (no ring)
Will    .....        (no ring)
Stlth   +            (no ring)
HPRegen 0.24/turn    (no ring)
MPRegen 0.09/turn    (no ring)
                     (no ring)

%: acrobat
@: on fire, beast-form, acrobatic, glowing
A: beast (slay +2), almost no armour, amphibious, 8 rings, camouflage 1,
gelatinous body 1, (nimble swimmer 1), tentacles
a: Begin Untransformation


You were on level 3 of the Dungeon.
You were a hulking beast.
You visited 1 branch of the dungeon, and saw 4 of its levels.

You collected 34 gold pieces.

Inventory:

Missiles
 k - a throwing net
Jewellery
 d - an amulet of faith
 g - an amulet of magic regeneration
 h - an amulet of the acrobat (around mantle)
Talismans
 b - a beast talisman
 c - a flux talisman
Scrolls
 e - a scroll of identify {unknown}
 i - 2 scrolls of teleportation {unknown}
 j - a scroll of fog {unknown}
Potions
 a - a potion of haste {unknown}
 f - a potion of curing {unknown}
 l - a potion of berserk rage {unknown}


   Skills:
 - Level 1.0 Fighting
 - Level 2.0 Dodging
 + Level 3.7 Unarmed Combat
 * Level 4.2 Shapeshifting


You had 3 spell levels left.
You didn't know any spells.
Your spell library was empty.

Dungeon Overview and Level Annotations

Branches:
Dungeon (4/15)
 Temple: D:4-7

Altars:


Innate Abilities, Weirdness & Mutations

You are a hulking beast.
Your limbs bulge with bestial killing power. (Slay +2)
You cannot wear most types of armour.
You are amphibious.
You can wear up to eight rings at the same time.
Your skin changes colour to match your surroundings (Stealth+).
Your rubbery body absorbs attacks. (AC +1, EV +1)
((You are camouflaged when in or above water. (Stealth+)))
You have tentacles for arms and can constrict up to eight enemies at once.


Message History

You bludgeon the bombardier beetle! Your grab misses the bombardier beetle.
You squeeze the bombardier beetle!
The bombardier beetle is almost dead.
You completely miss the bombardier beetle.
You grab the bombardier beetle.
You tentacle-slap the bombardier beetle.
The bombardier beetle is almost dead.
You constrict the bombardier beetle, but do no damage.
The bombardier beetle waves its antennae.
The bombardier beetle sprays incendiary fluid at you.
The burning spray hits you.
You are covered in liquid fire!
You barely miss the bombardier beetle.
The bombardier beetle is almost dead.
The liquid fire burns you!
You constrict the bombardier beetle, but do no damage.
You tentacle-slap the bombardier beetle but do no damage.
The bombardier beetle is almost dead.
The liquid fire burns you!
You constrict the bombardier beetle, but do no damage.
The bombardier beetle sprays incendiary fluid at you.
The burning spray hits you.
You are even more covered in liquid fire!
You tentacle-slap the bombardier beetle but do no damage.
The bombardier beetle is almost dead.
The liquid fire burns you!
You constrict the bombardier beetle.
You kill the bombardier beetle!
Your Shapeshifting skill increases to level 4!
You have reached level 4!
You are on fire!
You are on fire!
You shake off some of the fire as you move.
The liquid fire burns you!
You shake off some of the fire as you move.
The liquid fire burns you!
* * * LOW HITPOINT WARNING * * *
You shake off some of the fire as you move.
The liquid fire burns you!
You die...

...................#
##......##########.#
#.##...## #.# #.....#
#.# ##...## #.#
#.#######.## ##.##
#.........# ##.#.##
#########.# ##.###.##
##h## #>## ##.# ##...##
##.###.## #.#.....##
##.#..# #........#
##.#.#.#
#...(.....####...##.#
............+.......#.#
..#.........####...##.#
#.##.......## ##.###.#
##.....## ### #.#


There were no monsters in sight!

Vanquished Creatures
  A bombardier beetle (D:3)
  A gnoll (D:1)
  A dart slug (D:1)
  An orc (D:4)
  2 ball pythons (D:1)
  An endoplasm (D:3)
  A giant cockroach (D:3)
  3 goblins (D:1)
  4 kobolds (D:1)
  A quokka (D:1)
  5 bats (D:1)
  A frilled lizard (D:1)
  4 rats (D:1)
26 creatures vanquished.

Notes
Turn   | Place    | Note
-------+----------+-------------------------------------------
     0 | D:1      | MisterAzrael the Octopode Shapeshifter began the quest for
                  | the Orb.
     0 | D:1      | Reached XP level 1. HP: 13/13 MP: 1/1
    44 | D:1      | Reached XP level 2. HP: 18/18 MP: 2/2
   658 | D:1      | Reached XP level 3. HP: 6/23 MP: 3/3
   795 | D:2      | You fall into a shaft and drop 2 floors!
  1063 | D:3      | Reached skill level 4 in Shapeshifting
  1063 | D:3      | Reached XP level 4. HP: 14/28 MP: 4/4
  1065 | D:3      | Incinerated by a bombardier beetle

Illustrated notes

Levels and vault maps discovered:
D:1:      heliophobic_arrival_battle_scene, layout_basic,
          hangedman_decor_growths
D:2:      layout_loops_cross, kennysheep_generic_room_9
D:3:      layout_loops_corners, lemuel_zombie_altar_yredelemnul,
          hellmonk_ecumenical_altar_heavens_door, roderic_batcave
D:4:      layout_basic, brannock_xom_greatest_gift, portal_sewer_entry_d

Skill      XL: |  1  2  3 |
---------------+----------+-----
Shapeshifting  | 4 |  4.2
Fighting       | |  1.0
Dodging        | |  2.0
Unarmed Combat | |  3.7

Action                     |  1- 3 |  4- 6 || total
---------------------------+-------+-------++-------
  Melee: Unarmed           |    52 |       ||    52
         Constrict         |    10 |       ||    10
         Tentacles         |     4 |       ||     4
         Punch             |     3 |       ||     3
    Use: Potion            |     1 |       ||     1
   Stab: Sleeping          |     3 |       ||     3
 Armour: Skin              |    26 |       ||    26
  Dodge: Dodged            |    57 |       ||    57

Table legend: (Time is in decaauts)
 A = Elapsed time spent in this place.
 B = Non-inter-level travel time spent in this place.
 C = Inter-level travel time spent in this place.
 D = Time resting spent in this place.
 E = Time spent auto-exploring this place.
 F = Levels seen in this place.
 G = Mean time per level.
                   A        B        C        D        E       F      G
               +--------+--------+--------+--------+--------+-----+--------+
         Total |   1060 |    985 |     75 |     86 |    679 |   4 |  265.0 |
       Dungeon |   1060 |    985 |     75 |     86 |    679 |   4 |  265.0 |
               +--------+--------+--------+--------+--------+-----+--------+

Top non-repeatable levels by time:
     D:1: 784 daAuts
     D:4: 189 daAuts
     D:3: 79 daAuts
     D:2: 6 daAuts
